 Dungeon Sprint DCSS version 0.29.1-2-gbd0b4ee654 (webtiles) character file.

Game seed: 1670926441266121980

498 Groucho the Covert (level 6, -8/32 HPs)
             Began as a Spriggan Enchanter on Nov 26, 2022.
             Killed from afar by a lava snake (17 damage)
             ... with a glob of lava
             ... in the Dungeon (Sprint II: "The Violet Keep of Menkaure").
             The game lasted 00:01:28 (107 turns).

Groucho the Covert (Spriggan Enchanter)              Turns: 107, Time: 00:01:29

Health: -8/32      AC:  2    Str:  6    XL:     6   Next: 94%
Magic:  15/17      EV: 20    Int: 17    God:
Gold:   243        SH:  0    Dex: 15    Spells: 12/20 levels left

rFire   . . .      SeeInvis +   a - +1 dagger
rCold   . . .      Faith    .   (no shield)
rNeg    . . .      Spirit   .   b - +0 robe
rPois   .          Reflect  .   (helmet restricted)
rElec   .          Harm     .   (no cloak)
rCorr   .          Rampage  .   (gloves unavailable)
Will    +....      NoTele   +   (boots unavailable)
Stlth   ++++++....              (no amulet)
HPRegen 0.10/turn               (no ring)
MPRegen 0.15/turn               (no ring)

@: very quick
A: very small, no large weapons, unfitting armour, see invisible, speed 3
a: no special abilities


You were in the Dungeon.
You visited 1 branch You collected 243 gold pieces.

Inventory:

Hand Weapons
 a - a +1 dagger (weapon)
Armour
 b - a +0 robe (worn)
Scrolls
 i - a scroll of blinking
Potions
 c - a potion of invisibility
 d - a potion of curing
 g - 2 potions of magic
 h - a potion of berserk rage


   Skills:
 + Level 2.6 Fighting
 * Level 5.5 Short Blades
 * Level 7.1 Dodging
 * Level 13.7 Stealth
 + Level 7.7 Spellcasting
 * Level 9.2 Hexes


You had 12 spell levels left.
You knew the following spells:

 Your Spells              Type           Power      Damage    Failure   Level
a - Confusing Touch       Hex            37%        N/A       1%          3
b - Ensorcelled Hibernat  Hex/Ice        44%        N/A       2%          2
c - Dazzling Flash        Conj/Hex       44%        N/A       4%          3

Your spell library contained the following spells:

 Spells                   Type           Power      Damage    Failure   Level
 Tukima's Dance           Hex            37%        N/A       1%          3


Dungeon Overview and Level Annotations

Branches:
Dungeon (1/1)

Altars:


Innate Abilities, Weirdness & Mutations

You are very small and have problems with some larger weapons.
You are too small for most types of armour.
You have supernaturally acute eyesight. (SInv)
You cover ground extremely quickly. (Speed+++)


Message History

You hit Menkaure.
Menkaure is lightly damaged.
You hit Menkaure.
Menkaure is lightly damaged.
You hit Menkaure.
Menkaure is moderately damaged.
You hit Menkaure but do no damage.
Menkaure is moderately damaged.
Menkaure completely misses you.
You hit Menkaure.
Menkaure is moderately damaged.
You hit Menkaure but do no damage.
Menkaure is moderately damaged.
You hit Menkaure.
Menkaure is heavily damaged.
Menkaure completely misses you.
You hit Menkaure but do no damage.
Menkaure is heavily damaged.
You catch the helpless Menkaure completely off-guard!
You impale Menkaure!!
You destroy Menkaure!
Your Short Blades skill increases to level 5!
Your Dodging skill increases to level 7!
Your Hexes skill increases to level 9!
You close the door.
You now have 243 gold pieces.
You start resting. 2 lava snakes come into view.
There are monsters nearby!
There are monsters nearby!
A lava snake comes into view.
There is an open door here.
You barely miss the neqoxec.
The neqoxec shouts!
The neqoxec is heavily wounded.
The lava snake hisses angrily.
The lava snake spits lava at you. The glob of lava hits you!
Ouch! That really hurt!
You die...

##S ##
##§§§°§≈ §≈##
+≈°≈§§§S§§§S#
#°○○○○S§§☼#
#○○§§§○○#
#~~#''°#'''##
~~~.....3...#
##@## #...##
#..##.# #
####.## ##.
#'##
#.B.##.##
#+.<.+
#.B$##.## ##.
#+#


You could see a neqoxec and 4 lava snakes.

Vanquished Creatures
  3 neqoxecs (D)
  Menkaure (D)
4 creatures vanquished.

Notes
Turn   | Place    | Note
-------+----------+-------------------------------------------
     0 | D        | Groucho the Spriggan Enchanter began the quest for the Orb.
     0 | D        | Reached XP level 1. HP: 9/9 MP: 5/5
     3 | D        | Noticed a boulder beetle
     3 | D        | Noticed a boulder beetle
     7 | D        | Noticed a neqoxec
    20 | D        | Killed a neqoxec
    21 | D        | Reached skill level 11 in Stealth
    21 | D        | Reached XP level 2. HP: 6/13 MP: 6/10
    21 | D        | Reached XP level 3. HP: 7/16 MP: 6/11
    21 | D        | Reached XP level 4. HP: 10/21 MP: 7/13
    21 | D        | Noticed Menkaure
    21 | D        | Noticed a neqoxec
    21 | D        | Noticed a neqoxec
    21 | D        | Noticed a neqoxec
    26 | D        | HP: 1/21 [neqoxec (9)]
    32 | D        | Killed a neqoxec
    33 | D        | Reached skill level 1 in Fighting
    33 | D        | Reached skill level 5 in Dodging
    33 | D        | Reached skill level 12 in Stealth
    33 | D        | Reached XP level 5. HP: 9/25 MP: 7/15
    33 | D        | Killed a neqoxec
    34 | D        | Reached skill level 13 in Stealth
    34 | D        | Reached XP level 6. HP: 2/31 MP: 9/17
    43 | D        | Learned a level 3 spell: Confusing Touch
    46 | D        | Learned a level 2 spell: Ensorcelled Hibernation
    50 | D        | Learned a level 3 spell: Dazzling Flash
    94 | D        | Killed Menkaure
    95 | D        | Reached skill level 5 in Short Blades
   107 | D        | Killed from afar by a lava snake

Illustrated notes

Levels and vault maps discovered:
D:        the_violet_keep_of_menkaure [sprint2_stairs_cluster_1,
          sprint2_shoproom, sprint2_temple, sprint2_basic_supplies,
          sprint2_obstacle_1, sprint2_obstacle_6, sprint2_obstacle_5,
          sprint2_obstacle_4, sprint2_obstacle_7, sprint2_timed_cluster_1,
          sprint2_smallroom_cluster_1, sprint2_smallroom_final_cluster_1,
          sprint2_transparent_cluster_1, sprint2_second_timed_cluster_1,
          sprint2_sniper_area_1, sprint2_heavy_combat_area_1,
          sprint2_mutation_trap_area_1, sprint2_forest_area_1,
          sprint2_light_combat_area_1, sprint2_behind_water_1,
          sprint2_near_end_vault_1]

Skill      XL: |  1  2  3  4  5  6 |
---------------+-------------------+-----
Stealth        | 11 12 13 | 13.7
Spellcasting   | 6 7 |  7.7
Hexes          | 6 8 9 |  9.2
Fighting       | 1 2 |  2.6
Short Blades   | 3 4 5 |  5.5
Dodging        | 5 6 7 |  7.1

Action                   |  1- 3 |  4- 6 || total
-------------------------+-------+-------++-------
Melee: Dagger            |    11 |    21 ||    32
 Cast: Confusing Touch   |       |     1 ||     1
  Use: Potion            |     2 |     1 ||     3
 Stab: Invisible         |     2 |     4 ||     6
       Sleeping          |     1 |       ||     1
       Confused          |       |     1 ||     1
Dodge: Dodged            |     4 |     7 ||    11
